 Dungeon Crawl Stone Soup version 0.29.1-15-g9cfb28693d (webtiles) character file.

Game seed: 1546038687155725479

5046 croobank the Covert (level 10, 0/71 HPs)
             Began as an Octopode Delver on Mar 13, 2023.
             Slain by a yak (17 damage)
             ... on level 8 of the Dungeon.
             The game lasted 00:29:14 (9130 turns).

croobank the Covert (Octopode Delver)               Turns: 9130, Time: 00:29:14

Health: 0/71       AC:  1    Str: 12    XL:     10   Next: 55%
Magic:  15/15      EV: 16    Int: 17    God:
Gold:   1425       SH:  0    Dex: 13    Spells: 13/16 levels left

rFire   . . .      SeeInvis +   a - +3 broad axe (flame)
rCold   . . .      Faith    .   (no shield)
rNeg    . . .      Spirit   .   (helmet restricted)
rPois   .          Reflect  .   s - amulet of regeneration
rElec   .          Harm     .   L - ring of flight
rCorr   .          Rampage  .   B - ring of see invisible
Will    .....                   (no ring)
Stlth   ++++++....              (no ring)
HPRegen 1.01/turn               (no ring)
MPRegen 0.14/turn               (no ring)
                                (no ring)
                                (no ring)

@: flying
A: almost no armour, amphibious, 8 rings, camouflage 1, gelatinous body 1,
(nimble swimmer 1), tentacles
a: no special abilities


You were on level 8 of the Dungeon.
You visited 2 branches of the dungeon, and saw 10 of its levels.
You also visited: Sewer and Ossuary.

You collected 1425 gold pieces.

Inventory:

Hand Weapons
 a - a +3 broad axe of flaming (weapon)
 b - a +7 vorpal sling
 c - a +2 dagger of venom
 k - a +3 flail
 v - a +0 short sword
 y - a +0 spear
 J - a +0 war axe
 P - a +0 hand axe
 Q - a +2 dagger of holy wrath
 T - a +0 trident
 X - a +1 falchion of protection
Missiles
 m - 6 poisoned darts (quivered)
 O - a throwing net
 R - 2 javelins
Armour
 i - a +1 tower shield
 K - an orb of light
Magical Staves
 A - a staff of air
Jewellery
 s - an amulet of regeneration (around mantle)
 B - a ring of see invisible (right tentacle)
 L - a ring of flight (left tentacle)
Wands
 f - a wand of digging (2)
 g - a wand of flame (25)
 q - a wand of roots (21)
 F - a wand of quicksilver (13)
Scrolls
 d - a scroll of vulnerability
 h - a scroll of magic mapping
 n - 2 scrolls of identify
 p - a scroll of noise {unknown}
 C - 4 scrolls of enchant armour
 E - a scroll of poison
 G - a scroll of silence
 U - 3 scrolls of teleportation
Potions
 e - 3 potions of haste
 j - a potion of mutation
 l - a potion of resistance
 o - 4 potions of flight
 t - 2 potions of ambrosia
 u - 2 potions of might
 w - a potion of invisibility
 x - 4 potions of brilliance {unknown}
 z - 8 potions of heal wounds {unknown}
 I - 6 potions of curing
 N - 2 potions of lignification {unknown}
 W - a potion of attraction {unknown}


   Skills:
 + Level 7.6 Fighting
 * Level 7.5 Axes
 + Level 7.3 Dodging
 + Level 11.8 Stealth
 + Level 3.6 Spellcasting
 + Level 3.8 Summonings


You had 13 spell levels left.
You knew the following spells:

 Your Spells              Type           Power      Damage    Failure   Level
a - Call Canine Familiar  Summ           16%        N/A       10%         3

Your spell library contained the following spells:

 Spells                   Type           Power      Damage    Failure   Level
 Confusing Touch          Hex            3%         N/A       45%         3
 Inner Flame              Hex/Fire       3%         N/A       45%         3
 Portal Projectile        Hex/Tloc       6%         N/A       45%         3
 Cause Fear               Hex            1%         N/A       86%         4
 Leda's Liquefaction      Hex/Erth       1%         N/A       86%         4
 Yara's Violent Unravell  Hex/Tmut       1%         3d3       99%         5
 Enfeeble                 Hex            1%         N/A       100%        7
 Discord                  Hex            1%         N/A       100%        8


Dungeon Overview and Level Annotations

Branches:
Dungeon (9/15)             Temple (1/1) D:5           Sewer (visited)
Ossuary (visited)
   Lair: D:8-11         Orc: D:9-12

Altars:
Ashenzari
Dithmenos
Elyvilon
Fedhas
Hepliaklqana
Kikubaaqudgha
Makhleb
Nemelex Xobeh
Qazlal
Ru
Xom
Yredelemnul
Zin
The Shining One

Shops:
D:1 :   D:5 ?   D:8 [

Annotations:
D:5 1 runed translucent door, exclusion: downstairs, leetdood's ghost, amateur MiFi


Innate Abilities, Weirdness & Mutations

You cannot wear most types of armour.
You are amphibious.
You can wear up to eight rings at the same time.
Your skin changes colour to match your surroundings (Stealth+).
Your rubbery body absorbs attacks. (AC +1, EV +1)
((You are camouflaged when in or above water. (Stealth+)))
You have tentacles for arms and can constrict up to eight enemies at once.


Message History

You closely miss the yak. The yak misses you.
A yak comes into view.
You barely miss the yak. You squeeze the yak.
The yak is heavily wounded.
You slash the yak! You burn the yak. The yak gores you! x2
The yak misses you.
You hit the yak but do no damage.
The yak is heavily wounded.
You hit the yak but do no damage. The yak closely misses you.
The yak misses you.
You hit the yak. You burn the yak. You squeeze the yak, but do no damage.
The yak is heavily wounded.
You hit the yak. You burn the yak. The yak gores you! The yak gores you.
You slash the yak! You burn the yak. You squeeze the yak.
You kill the yak!
You slash the yak! You burn the yak. The yak closely misses you.
You closely miss the yak. You squeeze the yak, but do no damage.
The yak is severely wounded.
The yak gores you but does no damage.
You barely miss the yak. Your squeeze misses the yak.
The yak is severely wounded.
The yak gores you!
* * * LOW HITPOINT WARNING * * *
The yak gores you.
* * * LOW HITPOINT WARNING * * *
The yak attacks as you move away! The yak closely misses you.
There is an open door here.
There is an open door here.
The yak attacks as you move away! The yak gores you!
* * * LOW HITPOINT WARNING * * *
There is a stone staircase leading up here.
The yak misses you.
You fly upwards.
There is a stone staircase leading down here.
You feel better. The yak gores you.
* * * LOW HITPOINT WARNING * * *
You barely miss the yak.
The yak is severely wounded.
The yak gores you!
You die...

#..............รท.###.##..
#...###..#######.........
#...# #..# ####..##..
##### #..# #...... #..#
##...... #..# #.......
#..# ##.#..... #..###
#........
##Y@..######...#...#
####..#........)###....
#........#####..#.)....
#.....##.####...)....##
#.....#..............##
#..........##........#.
##......>...##..........
#...##.........#.......#
#.#####................#


You could see a yak.

Vanquished Creatures
  Joseph (D:8)
  11 yaks
  A steam dragon (D:8)
  Pargi (Sewer)
  A water moccasin (D:6)
  A black bear (D:4)
  A sky beast (D:7)
  A hornet zombie (Ossuary)
  2 ogres (D:6)
  A centaur (D:8)
  Blork the orc (D:6)
  4 bullfrogs
  A gnoll sergeant (D:5)
  5 scorpions
  A water moccasin zombie (Ossuary)
  5 bullfrog zombies (Ossuary)
  6 centaur zombies (Ossuary)
  6 hounds
  A jelly (D:6)
  2 gnoll boudas
  3 iguanas
  3 orc wizards
  2 killer bee zombies (Ossuary)
  17 mummies (Ossuary)
  A howler monkey zombie (Ossuary)
  15 gnolls
  10 adders
  A river rat (D:4)
  2 shadow imps
  3 worms
  2 dart slugs
  21 orcs
  9 endoplasms
  4 giant cockroaches
  11 goblins
  8 hobgoblins
  7 jackals
  6 kobolds
  4 quokkas
  8 ball pythons
  5 bats
  6 frilled lizards
  12 rats
213 creatures vanquished.

Vanquished Creatures (others)
  20 plants
  18 withered plants
38 creatures vanquished.

Grand Total: 251 creatures vanquished

Notes
Turn   | Place    | Note
-------+----------+-------------------------------------------
     0 | D:5      | croobank the Octopode Delver began the quest for the Orb.
     0 | D:5      | Reached XP level 1. HP: 16/16 MP: 1/1
    13 | D:6      | Noticed an ice beast
   249 | D:6      | Noticed a water moccasin
   252 | D:6      | Noticed a hound
   274 | D:5      | Noticed a hound
   274 | D:5      | Noticed a hound
   337 | D:4      | Reached XP level 2. HP: 18/21 MP: 2/2
   360 | D:4      | Found a glowing drain.
   367 | D:4      | Reached XP level 3. HP: 15/26 MP: 3/3
   475 | Sewer    | Entered a sewer
   522 | Sewer    | Noticed Pargi
   528 | Sewer    | Killed Pargi
   529 | Sewer    | Reached skill level 7 in Stealth
   529 | Sewer    | Reached XP level 4. HP: 33/33 MP: 4/4
   529 | Sewer    | Reached XP level 5. HP: 37/37 MP: 5/5
  1463 | D:1      | Found Katinic's Vocational Training.
  1787 | D:1      | Found a faded altar of an unknown god.
  2538 | D:2      | Reached XP level 6. HP: 43/43 MP: 6/6
  3133 | D:3      | Found an ancient bone altar of Kikubaaqudgha.
  3222 | D:3      | You fall into a shaft and drop 1 floor!
  3487 | D:3      | Reached skill level 8 in Stealth
  3885 | D:4      | Noticed a black bear
  3895 | D:4      | Killed a black bear
  3896 | D:4      | Reached XP level 7. HP: 35/49 MP: 7/7
  4471 | D:5      | Found a runed translucent door.
  4516 | D:5      | Reached skill level 5 in Fighting
  4671 | D:5      | Reached skill level 9 in Stealth
  4819 | D:5      | Noticed leetdood's ghost (amateur MiFi)
  4849 | D:5      | Reached XP level 8. HP: 44/55 MP: 8/8
  5140 | D:5      | Found a staircase to the Ecumenical Temple.
  5224 | Temple   | Entered the Ecumenical Temple
  5324 | D:6      | Found a stormy altar of Qazlal.
  5326 | D:6      | Noticed a water elemental
  5327 | D:6      | Noticed an air elemental
  5404 | D:6      | Reached skill level 5 in Dodging
  5442 | D:6      | Reached skill level 5 in Axes
  5898 | D:6      | Reached skill level 10 in Stealth
  5916 | D:6      | Noticed Blork the orc
  5925 | D:6      | Killed Blork the orc
  6292 | D:7      | Found a sand-covered staircase.
  6299 | Ossuary  | Entered an ossuary
  6323 | Ossuary  | Reached XP level 9. HP: 29/62 MP: 9/9
  6327 | Ossuary  | Learned a level 3 spell: Call Canine Familiar
  6493 | Ossuary  | Reached skill level 1 in Summonings
  6503 | Ossuary  | Reached skill level 1 in Spellcasting
  7014 | D:7      | Found a shadowy altar of Dithmenos.
  7016 | D:7      | Found a hazy altar of Hepliaklqana.
  7174 | D:7      | Reached skill level 11 in Stealth
  7576 | D:7      | Found a white marble altar of Elyvilon.
  7592 | D:7      | Found a shimmering altar of Xom.
  7594 | D:7      | Found a glowing golden altar of the Shining One.
  7597 | D:7      | Found a broken altar of Ashenzari.
  7783 | D:7      | Identified a scroll of acquirement
  7783 | D:7      | Acquired 915 gold pieces
  8389 | D:8      | HP: 2/64 [yak (12)]
  8480 | D:7      | Reached XP level 10. HP: 49/71 MP: 6/13
  8722 | D:8      | Noticed Joseph
  8733 | D:8      | Killed Joseph
  9031 | D:8      | Found Cuadd's Armour Shoppe.
  9060 | D:9      | Noticed a two-headed ogre
  9130 | D:8      | Slain by a yak

Illustrated notes

Levels and vault maps discovered:
D:1:      dpeg_arrival_arbitrary_a, layout_loops_ring, serial_forest,
          infiniplex_forest_lined_2, infiniplex_forest_straight_4,
          infiniplex_forest_straight_3, infiniplex_forest_clump_tiny,
          infiniplex_forest_lined_room_2, shapermc_ecumenical_altar_flowoftime,
          minmay_stone_trees_medium, serial_bayou_lagoon_a,
          nicolae_shop_vocational
D:2:      layout_basic, serial_aquarium, aquarium_bridge_long_joined
          [aquarium_subvault_bridge, aquarium_subvault_wall,
          aquarium_subvault_window, aquarium_subvault_bridge,
          aquarium_subvault_bridge, aquarium_subvault_window],
          aquarium_window_1, aquarium_window_1, aquarium_window_corridor_2,
          aquarium_window_corner, aquarium_view_2g, aquarium_view_2d,
          aquarium_balcony_3b
D:3:      minmay_razor_zed, layout_basic, kiku_gazebo_pond_becter
D:4:      layout_loops_ring, portal_sewer_entry_e, minmay_hedge_maze
D:5:      layout_rooms, temple_hall, gammafunk_ghost_grave, serial_shops,
          nicolae_stop_n_shop_1, nicolae_grassy_gnolls
D:6:      layout_loops_cross, nicolae_qazlal_style_of_elements,
          uniq_blork_the_orc
D:7:      layout_basic, riverfiend_overflow_shadow_ancestor, minitemple,
          enter_ossuary_1, minmay_misc_feat_encased
D:8:      layout_rooms, serial_shops, nicolae_lakefront_shop, uniq_joseph
D:9:      layout_gridville, nicolae_overflow_hallway_of_the_gods,
          gammafunk_ghost_cemetery
Temple:   hellmonk_temple_two_chambers

Skill      XL: |  1  2  3  4  5  6  7  8  9 10 |
---------------+-------------------------------+-----
Axes           | 3 4 5 6 7 |  7.5
Dodging        | 3 4 5 6 7 |  7.3
Stealth        | 7 8 9 10 11 | 11.8
Fighting       | 4 5 6 7 |  7.6
Summonings     | 2 3 |  3.8
Spellcasting   | 2 3 |  3.6

Action                   |  1- 3 |  4- 6 |  7- 9 | 10-12 || total
-------------------------+-------+-------+-------+-------++-------
Melee: Hand axe          |    40 |    87 |    71 |       ||   198
       Tentacles         |    15 |    41 |   110 |    13 ||   179
       Constrict         |     3 |    43 |    67 |     2 ||   115
       Punch             |     1 |     2 |     6 |     1 ||    10
       Dagger            |       |    91 |   262 |       ||   353
       Broad axe         |       |       |    20 |    41 ||    61
 Fire: Sling             |       |     4 |    10 |    14 ||    28
Throw: Dart              |       |       |    10 |       ||    10
 Cast: Call Canine Famil |       |       |     2 |     4 ||     6
Evoke: Wand              |     7 |       |     6 |       ||    13
  Use: Scroll            |     1 |       |    26 |       ||    27
       Potion            |       |     1 |     1 |     4 ||     6
 Stab: Sleeping          |       |    35 |    15 |       ||    50
Armor: Skin              |     1 |     5 |    12 |     1 ||    19
Dodge: Dodged            |    21 |    86 |   238 |    45 ||   390
